Map: [ESL] Equilibrium

Players

Dark

  • Race: Zerg Zerg
  • Spawn Location: 1:00

Serral - Winner!

  • Race: Zerg Zerg
  • Spawn Location: 11:00

Event: IEM Katowice 2024

VOD

Have the link to the VOD?

Description

Time

  • Played on: Feb. 11, 2024, 10:27 a.m.
  • Length: 7:36

All games in this series

Show
View Real Time Build Order
Export as new Build Order

Dark Zerg 

Build Orders: Hatch First 

Get SALT Encoding   

  12  0:00  Drone  
  13  0:12  Overlord  
  13  0:17  Drone  
  14  0:31  Drone x2  
  16  0:49  Hatchery  
  15  0:52  Drone  
  15  0:55  Drone  
  17  0:57  Drone  
  18  1:09  Extractor  
  17  1:14  Spawning Pool  
  17  1:16  Drone  
  17  1:19  Drone  
  18  1:28  Drone  
  19  1:39  Drone  
  20  1:56  Drone  
  20  2:00  Queen  
  20  2:01  Queen  
  25  2:02  Zergling x2, Drone  
  27  2:10  Metabolic Boost  
  27  2:11  Overlord  
  27  2:17  Drone  
  28  2:29  Baneling Nest  
  27  2:30  Zergling x4  
  27  2:36  Zergling x4  
  31  2:46  Overlord  
  31  2:56  Hatchery  
  30  2:58  Zergling x4  
  30  2:59  Zergling x2  
  33  3:10  Zergling x12  
  39  3:13  Zergling x2  
  39  3:15  Zergling x2  
  39  3:18  Baneling x4  
  41  3:24  Zergling x4  
  43  3:30  Zergling x2  
  43  3:32  Overlord  
  43  3:46  Drone  
  43  3:50  Drone x3  
  43  3:55  Drone x2  
  48  3:59  Roach Warren  
  46  4:04  Drone  
  47  4:10  Drone, Queen, Evolution Chamber  
  48  4:18  Drone x2  
  48  4:19  Drone x3  
  48  4:23  Drone x2  
  55  4:27  Drone x2  
  57  4:35  Overlord  
  57  4:44  Zerg Ground Armor Level 1  
  57  4:48  Overlord  
  57  4:50  Overlord  
  56  4:54  Roach x4  
  64  5:00  Overlord  
  64  5:01  Unknown  
  64  5:04  Overlord x2  
  64  5:06  Roach  
  64  5:07  Roach x2  
  69  5:08  Zergling x2  
  69  5:09  Zergling x2  
  69  5:11  Zergling x2  
  69  5:12  Zergling x2  
  73  5:16  Zergling x2  
  73  5:17  Zergling x2  
  75  5:23  Drone  
  75  5:24  Zergling x4  
  75  5:25  Zergling x2  
  79  5:30  Zergling x6  
  79  5:31  Zergling x4  
  79  5:33  Zergling x6  
  87  5:43  Zergling x4  
  87  5:47  Zergling x2  
  87  5:49  Ravager x2  
  92  5:50  Ravager  
  92  5:54  Zergling x10  
  98  5:57  Ravager  
  98  5:58  Overlord  
  98  6:02  Overlord  
  98  6:03  Zergling x10  
  104  6:09  Ravager  
  104  6:11  Overlord  
  105  6:13  Overlord  
  105  6:18  Zergling x4  
  107  6:20  Ravager  
  107  6:23  Ravager  
  107  6:24  Zergling x8  
  113  6:27  Zergling x2  
  113  6:31  Zergling x16  
  122  6:42  Zergling x6  
  125  6:52  Zergling x2  
  125  6:54  Zergling x4  
  125  7:00  Zergling x12  
  133  7:03  Zergling x4  
  133  7:05  Zergling x2  
  133  7:07  Zergling x2  
Show
View Real Time Build Order
Export as new Build Order

Serral Zerg - Winner!

Build Orders: Hatch First 

Get SALT Encoding   

  12  0:00  Drone  
  13  0:08  Drone  
  13  0:14  Extractor, Drone  
  15  0:37  Hatchery  
  14  0:43  Extractor, Drone  
  14  0:48  Overlord  
  15  1:03  Spawning Pool  
  14  1:06  Drone  
  14  1:10  Drone  
  16  1:14  Drone  
  17  1:19  Drone  
  18  1:29  Drone  
  19  1:39  Drone  
  20  1:47  Unknown  
  20  1:50  Queen  
  20  1:53  Queen  
  23  1:57  Drone  
  23  1:58  Drone  
  23  2:00  Drone  
  26  2:07  Roach Warren  
  25  2:11  Drone  
  25  2:15  Overlord  
  26  2:22  Drone  
  27  2:23  Overlord  
  27  2:27  Overlord  
  27  2:32  Drone  
  28  2:49  Roach x3  
  34  2:57  Roach x2  
  38  3:01  Roach x3  
  44  3:07  Evolution Chamber  
  44  3:09  Overlord  
  44  3:10  Roach x3  
  49  3:18  Roach  
  51  3:22  Evolution Chamber  
  50  3:27  Lair  
  51  3:34  Drone x2  
  51  3:35  Roach  
  51  3:38  Overlord  
  54  3:45  Roach x2  
  58  3:52  Extractor  
  57  3:57  Roach x2  
  57  4:00  Drone x3  
  64  4:05  Overlord  
  64  4:09  Drone x3  
  67  4:11  Zerg Missile Weapons Level 1  
  67  4:16  Overlord x2  
  67  4:21  Drone  
  68  4:24  Glial Reconstitution  
  68  4:27  Drone  
  68  4:31  Drone  
  70  4:32  Roach  
  70  4:38  Roach  
  74  4:43  Roach x4  
  82  4:46  Drone  
  83  4:54  Hatchery  
  83  4:59  Roach x2  
  86  5:04  Overlord  
  86  5:09  Roach x2  
  90  5:15  Roach  
  90  5:16  Overlord x2  
  90  5:19  Overseer  
  92  5:27  Roach x3  
  92  5:28  Roach  
  100  5:37  Roach  
  100  5:38  Roach  
  100  5:42  Overlord  
  104  5:43  Roach x3  
  110  5:50  Overlord  
  110  5:53  Roach x2  
  114  5:59  Roach  
  116  6:05  Overlord  
  116  6:07  Roach x4  
  124  6:15  Roach x3  
  130  6:28  Roach x2  
  134  6:34  Baneling Nest  
  134  6:37  Roach  
  134  6:38  Roach  
  134  6:39  Zergling x6  
  140  6:42  Overlord  
  140  6:44  Roach  
  140  6:45  Roach  
  144  6:50  Overseer  
  144  6:54  Roach  
  146  6:55  Overlord  
  146  6:59  Overlord  
  146  7:05  Roach x4  
  156  7:15  Roach  
  156  7:16  Roach x3  

Tags
 
Add a new tag
Caveats
  • Supply blocks, unpowered buildings, or Contaminate may cause inaccurate times.
  • Supply counts are checked every 10 seconds.